 Dungeon Crawl Stone Soup version 0.28.0-53-g5a82cb258f (webtiles) character file.

Game seed: 3669593479630129409

157 Zeld the Chopper (level 5, -2/48 HPs)
             Began as a Minotaur Berserker on May 23, 2022.
             Was a Believer of Trog.
             Slain by a gnoll
             ... wielding a +0 flail
              (11 damage)
             ... while paralysed by Grinder
             ... on level 3 of the Dungeon.
             The game lasted 00:01:31 (2733 turns).

Zeld the Chopper (Minotaur Berserker)               Turns: 2733, Time: 00:01:31

Health: -2/48      AC:  2    Str: 24    XL:     5   Next: 15%
Magic:  4/4        EV:  2    Int:  4    God:    Trog [**....]
Gold:   42         SH:  0    Dex:  9    Spells: 4/4 levels left

rFire   . . .      SeeInvis .   a - +0 hand axe
rCold   . . .      Faith    .   (no shield)
rNeg    . . .      Spirit   .   b - +0 animal skin
rPois   .          Reflect  .   (helmet restricted)
rElec   .          Harm     .   (no cloak)
rCorr   .          Rampage  .   (no gloves)
Will    .....                   (no boots)
Stlth   +.........              (no amulet)
HPRegen 0.16/turn               (no ring)
MPRegen 0.09/turn               (no ring)

@: paralysed
A: horns 2, retaliatory headbutt
a: Renounce Religion, Berserk, Trog's Hand


You were on level 3 of the Dungeon.
You worshipped Trog.
Trog was pleased with you.
You visited 1 branch of the dungeon, and saw 3 of its levels.

You collected 42 gold pieces.

Inventory:

Hand Weapons
 a - a +0 hand axe (weapon)
Armour
 b - a +0 animal skin (worn)
Wands
 h - a wand of iceblast (13)
Scrolls
 d - a scroll of amnesia {unknown}
 f - a scroll of identify {unknown}
 i - a scroll of summoning {unknown}
 j - a scroll of fog {unknown}
 k - a scroll of magic mapping {unknown}
Potions
 c - 2 potions of heal wounds {unknown}
 e - 2 potions of curing {unknown}
 g - a potion of cancellation {unknown}
 l - a potion of haste {unknown}


   Skills:
 * Level 5.0 Fighting
 * Level 5.0 Axes
 + Level 3.4 Armour
 + Level 3.2 Dodging


You had 4 spell levels left.
You didn't know any spells.
Your spell library was empty.

Dungeon Overview and Level Annotations

Branches:
Dungeon (3/15)

Altars:

Annotations:
D:3 Grinder


Innate Abilities, Weirdness & Mutations

You have a pair of horns on your head.
You reflexively headbutt those who attack you in melee.


Message History

The plant begins to die.
The gnoll shaman hits the plant with a +0 whip!
The plant begins to die.
The gnoll hits the plant with a +0 halberd!
The plant begins to die.
The gnoll shaman hits the plant with a +0 whip!
There is a stone staircase leading up here.
A nearby plant withers and dies.
The gnoll hits you from afar with a +0 spear!
The gnoll hits the plant with a +0 halberd!
The plant begins to die.
The gnoll shaman hits the plant with a +0 whip!
You climb upwards.
There is a stone staircase leading down here.
You start resting.
HP restored.
You start waiting.
Done waiting.
You climb downwards.
Level annotation: Grinder The gnoll closely misses you.
You furiously retaliate!
You headbutt the gnoll.
The gnoll shaman calls upon its god to speed up the gnoll.
The gnoll seems to speed up.
The gnoll hits you with a +0 club. Grinder gestures at you.
You suddenly lose the ability to move!
Something hits the plant.
The plant begins to die.
The gnoll barely misses you.
An adder comes into view.
The gnoll hits you with a +0 club.
Grinder blinks!
The adder hisses angrily.
The gnoll hits you from afar with a +0 halberd!
The gnoll hits you with a +0 flail. The gnoll completely misses you.
The gnoll hits you from afar with a +0 halberd.
Grinder hits you!
* * * LOW HITPOINT WARNING * * *
You writhe in agony.
* * * LOW HITPOINT WARNING * * *
The gnoll hits you from afar with a +0 halberd.
* * * LOW HITPOINT WARNING * * *
The gnoll hits you with a +0 flail!
You die...

.# .# ####.# #
.... ###
#.#####.. ...
.#.......###.##
.........5g...#
..PP....g.@...#
PP.P.Sg.gg....#
.........####.#
....PP..#. #
P.......#.(
P....PP.#...
...PPP..#..##
............


You could see Grinder, a gnoll shaman, 4 gnolls and an adder.

Vanquished Creatures
  Natasha (thrice) (D:2)
  An adder (D:2)
  2 worms (D:2)
  2 dart slugs
  5 ball pythons
  8 bats
  2 endoplasms (D:1)
  4 giant cockroaches
  6 goblins
  9 hobgoblins
  4 jackals (D:1)
  2 kobolds (D:2)
  2 quokkas
  5 frilled lizards
  6 rats
61 creatures vanquished.

Vanquished Creatures (others)
  6 plants (D:3)
6 creatures vanquished.

Grand Total: 67 creatures vanquished

Notes
Turn   | Place    | Note
-------+----------+-------------------------------------------
     0 | D:1      | Zeld the Minotaur Berserker began the quest for the Orb.
     0 | D:1      | Reached XP level 1. HP: 19/19 MP: 0/0
   338 | D:1      | Reached XP level 2. HP: 17/27 MP: 1/1
   964 | D:1      | Reached XP level 3. HP: 33/33 MP: 2/2
   988 | D:1      | Reached ** piety under Trog
  1544 | D:2      | Found a faded altar of an unknown god.
  1874 | D:2      | Noticed Natasha
  1880 | D:2      | Reached XP level 4. HP: 37/41 MP: 3/3
  1881 | D:2      | Killed Natasha
  1934 | D:2      | Noticed Natasha
  1939 | D:2      | Killed Natasha
  2220 | D:2      | Noticed Natasha
  2251 | D:2      | Killed Natasha
  2252 | D:2      | Reached skill level 5 in Fighting
  2252 | D:2      | Reached skill level 5 in Axes
  2252 | D:2      | Reached XP level 5. HP: 38/48 MP: 4/4
  2481 | D:3      | Noticed Grinder
  2729 | D:3      | Paralysed by Grinder for 7 turns
  2733 | D:3      | Slain by a gnoll

Illustrated notes

Levels and vault maps discovered:
D:1:      dpeg_arrival_concentric_ovals, layout_loops_corners,
          minmay_misc_feat_pillars, kennysheep_small_spiral
D:2:      layout_basic, nicolae_ecumenical_snake_handling, minmay_tromino_v4_a,
          uniq_natasha
D:3:      layout_basic, nicolae_dithmenos_the_darkroom, minmay_misc_feat_cross,
          nicolae_grassy_gnolls, uniq_grinder, uniq_robin

Skill      XL: |  1  2  3  4 |
---------------+-------------+-----
Fighting       | 4 5 |  5.0
Axes           | 4 5 |  5.0
Armour         | 3 |  3.4
Dodging        | 3 |  3.2

Action                   |  1- 3 |  4- 6 || total
-------------------------+-------+-------++-------
Melee: Hand axe          |   125 |    39 ||   164
       Headbutt          |    14 |     8 ||    22
       Punch             |     3 |       ||     3
Armor: Animal skin       |    43 |     4 ||    47
Dodge: Dodged            |   104 |    23 ||   127
